 Dungeon Crawl Stone Soup version 0.28.0-45-g0d030f2227 (webtiles) character file.

Game seed: 16032975748026764432

560 Kangaroobicon the Skirmisher (level 7, -1/61 HPs)
             Began as a Hill Orc Fighter on Apr 14, 2022.
             Slain by a gnoll
             ... wielding a +0 halberd
              (4 damage)
             ... on level 4 of the Dungeon.
             The game lasted 00:22:58 (3072 turns).

Kangaroobicon the Skirmisher (Hill Orc Fighter)     Turns: 3072, Time: 00:22:59

Health: -1/61      AC:  7    Str: 19    XL:     7   Next: 31%
Magic:  7/7        EV:  9    Int: 15    God:
Gold:   153        SH:  6    Dex: 12    Spells: 6/6 levels left

rFire   . . .      SeeInvis +   o - +6 mace "Foogh" {vorpal, Fragile rPois Int+7 SInv}
rCold   . . .      Faith    +   c - +1 buckler
rNeg    . . .      Spirit   .   b - +0 scale mail
rPois   +          Reflect  .   (no helmet)
rElec   .          Harm     .   (no cloak)
rCorr   .          Rampage  .   (no gloves)
Will    .....                   (no boots)
Stlth   ..........              C - amulet of faith
HPRegen 0.20/turn               (no ring)
MPRegen 0.10/turn               (no ring)

@: no status effects
A: no striking features
a: no special abilities


You were on level 4 of the Dungeon.
You visited 1 branch of the dungeon, and saw 4 of its levels.
You also visited: Sewer.

You collected 153 gold pieces.

Inventory:

Hand Weapons
 a - a +1 war axe
 o - the +6 mace "Foogh" (weapon) {vorpal, Fragile rPois Int+7 SInv}
   (You found it on level 2 of the Dungeon)

   It inflicts extra damage upon your enemies.
   Int:       It affects your intelligence (+7).
   rPois:     It protects you from poison.
   SInv:      It lets you see invisible.
   Fragile:   It will be destroyed if unequipped.
 p - a +3 quarterstaff of chaos
Missiles
 f - 73 sling bullets
 j - 11 poisoned darts (quivered)
 l - 37 stones
 n - 2 silver boomerangs
 z - 26 arrows
 A - 3 boomerangs
 E - 22 bolts
Armour
 b - a +0 scale mail (worn)
 c - a +1 buckler (worn)
 y - a +0 troll leather armour {Pargi}
Magical Staves
 e - a staff of death
 i - a staff of fire
Jewellery
 C - an amulet of faith (around neck)
Scrolls
 g - 2 scrolls of magic mapping
 k - 3 scrolls of enchant armour
 m - a scroll of enchant weapon
 s - a scroll of blinking {unknown}
 v - a scroll of fear {unknown}
Potions
 d - a potion of might
 h - a potion of berserk rage {unknown}
 q - a potion of ambrosia {unknown}
 r - a potion of curing {unknown}
 t - a potion of mutation {unknown}
 u - a potion of brilliance {unknown}
 w - a potion of resistance
 x - 2 potions of haste {unknown}
 B - a potion of invisibility {unknown}
 D - 2 potions of lignification {unknown}


   Skills:
 + Level 5.3 Fighting
 + Level 5.0(5.9) Axes
 + Level 3.9(4.7) Maces & Flails
 + Level 4.8 Armour
 + Level 1.0 Dodging
 + Level 4.5 Shields


You had 6 spell levels left.
You didn't know any spells.
Your spell library contained the following spells:

 Spells                   Type           Power      Damage    Failure   Level
 Magic Dart               Conj           0%         1d3       69%         1
 Searing Ray              Conj           0%         2d4       83%         2
 Portal Projectile        Hex/Tloc       0%         N/A       96%         3
 Fulminant Prism          Conj/Hex       0%         3d6       100%        4
 Blade Hands              Tmut           0%         N/A       100%        5
 Excruciating Wounds      Necr           0%         N/A       100%        5


Dungeon Overview and Level Annotations

Branches:
Dungeon (4/15)              Sewer (visited)
 Temple: D:4-7

Altars:

Shops:
D:3 *

Annotations:
D:4 1 transporter


Message History

A gnoll comes into view. It is wielding a +0 halberd.
A gnoll comes into view. It is wielding a +0 spear.
You see here 14 gold pieces.
You now have 153 gold pieces (gained 14).
You barely miss the white imp.
The white imp hits you but does no damage. x2
You barely miss the white imp. The white imp hits you.
* * * LOW HITPOINT WARNING * * *
The white imp freezes you.
* * * LOW HITPOINT WARNING * * *
You closely miss the white imp.
A hound comes into view.
The white imp hits you but does no damage.
The hound barks!
You sock the white imp!
You kill the white imp!
You hear a shout!
You block the gnoll's attack.
You barely miss the hound. You block the hound's attack.
You block the gnoll's attack. You block the hound's attack.
The gnoll misses you.
A gnoll comes into view. It is wielding a +0 spear.
The gnoll shouts!
You sock the hound!
You kill the hound!
The gnoll hits you from afar with a +0 spear.
* * * LOW HITPOINT WARNING * * *
You block the gnoll's attack. The gnoll hits you but does no damage.
A gnoll shaman comes into view. It is wielding a +0 club.
The gnoll shaman shouts!
The gnoll shaman calls upon its god to speed up the gnoll.
The gnoll seems to speed up.
The gnoll hits you with a +0 spear!
* * * LOW HITPOINT WARNING * * *
You barely miss the gnoll. The gnoll hits you but does no damage.
You block the gnoll's attack.
The gnoll hits you from afar with a +0 halberd.
* * * LOW HITPOINT WARNING * * *
You closely miss the gnoll.
The gnoll hits you from afar with a +0 halberd.
You die...

#.....# #.##^# #.....#
#.##.# ####### #..... #
## ### ####.# #.#. ..#
#.# .... #.# #.#
#.#..####.# #.#
#.g..g.##.# #.# #
#@##.###########.#
###..#.##.##..........#
.g....g.......##########
###############


You could see a gnoll shaman and 2 gnolls.

Vanquished Creatures
  Pargi (Sewer)
  2 ogres (D:4)
  A scorpion (D:2)
  Crazy Yiuf (D:2)
  A hound (D:4)
  Jessica (D:2)
  An orc wizard (D:3)
  4 adders
  A white imp (D:4)
  2 worms
  4 dart slugs
  6 orcs (D:3)
  6 ball pythons
  8 bats
  5 endoplasms
  3 giant cockroaches (D:3)
  6 goblins
  2 hobgoblins
  3 jackals (D:1)
  2 kobolds (D:2)
  9 frilled lizards
  8 rats
77 creatures vanquished.

Notes
Turn   | Place    | Note
-------+----------+-------------------------------------------
     0 | D:1      | Kangaroobicon the Hill Orc Fighter began the quest for the
                  | Orb.
     0 | D:1      | Reached XP level 1. HP: 19/19 MP: 1/1
    32 | D:1      | Reached XP level 2. HP: 20/27 MP: 2/2
   296 | D:1      | Reached XP level 3. HP: 33/33 MP: 3/3
   410 | D:2      | Noticed a scorpion
   413 | D:2      | Killed a scorpion
   414 | D:2      | Reached XP level 4. HP: 22/41 MP: 4/4
   668 | D:2      | Noticed Jessica
   669 | D:2      | Found a faded altar of an unknown god.
   677 | D:2      | Killed Jessica
   678 | D:2      | Reached XP level 5. HP: 37/47 MP: 5/5
   890 | D:2      | Found a runed translucent door.
   891 | D:2      | Noticed Crazy Yiuf
   898 | D:2      | Killed Crazy Yiuf
   902 | D:2      | Identified the +6 mace "Foogh" {vorpal, Fragile rPois Int+7
                  | SInv}
  1558 | D:3      | Reached skill level 5 in Axes
  1759 | D:3      | Found Gikhluc's General Store.
  1836 | D:3      | Found a glowing drain.
  1843 | D:3      | Reached skill level 1 in Maces & Flails
  1855 | Sewer    | Entered a sewer
  1879 | Sewer    | Reached XP level 6. HP: 54/55 MP: 6/6
  1936 | Sewer    | Noticed Pargi
  1944 | Sewer    | Killed Pargi
  1945 | Sewer    | Reached skill level 5 in Fighting
  2943 | D:4      | Found a transporter.
  3012 | D:4      | Reached XP level 7. HP: 7/61 MP: 7/7
  3018 | D:4      | Reached skill level 1 in Dodging
  3071 | D:4      | HP: 3/61 [gnoll/+0 halberd (5)]
  3072 | D:4      | Slain by a gnoll

Illustrated notes

Levels and vault maps discovered:
D:1:      wander_arrival_lonely_grave, layout_rooms, minmay_misc_feat_chi
D:2:      minmay_skewed_foursquare, layout_basic, basic_ecumenical_altar,
          uniq_jessica, uniq_crazy_yiuf_cottage
D:3:      layout_basic, portal_sewer_entry_b, serial_shops, shop
D:4:      gammafunk_cloud_chamber, layout_loops_cross,
          lemuel_coloured_pillars_altar, st_stairs_14

Skill      XL: |  1  2  3  4  5  6  7 |
---------------+----------------------+-----
Axes           | 3 4 5 |  5.0
Fighting       | 4 5 |  5.3
Shields        | 4 |  4.5
Armour         | 4 |  4.8
Maces & Flails | 1 3 |  3.9
Dodging        | 1 |  1.0

Action                   |  1- 3 |  4- 6 |  7- 9 || total
-------------------------+-------+-------+-------++-------
Melee: War axe           |    46 |    42 |       ||    88
       Mace              |       |    92 |    14 ||   106
  Use: Scroll            |       |     3 |       ||     3
Armor: Scale mail        |    25 |    55 |     6 ||    86
Dodge: Dodged            |    28 |    58 |     6 ||    92
Block: Buckler           |    12 |    43 |     6 ||    61
